 Dungeon Crawl Stone Soup version 0.28.0 (webtiles) character file.

Game seed: 3002370317980973474

11 HallandMoats the Skirmisher (level 2, 0/26 HPs)
             Began as a Ghoul Monk on Feb 8, 2022.
             Was an Elder of Ignis.
             Slain by a hobgoblin (2 damage)
             ... on level 1 of the Dungeon.
             The game lasted 00:00:51 (346 turns).

HallandMoats the Skirmisher (Ghoul Monk)             Turns: 346, Time: 00:00:51

Health: 0/26       AC:  2    Str: 14    XL:     2   Next: 25%
Magic:  1/1        EV: 12    Int:  5    God:    Ignis [****..]
Gold:   0          SH:  0    Dex: 11    Spells: 1/1 levels left

rFire   + . .      SeeInvis .   a - +0 hand axe
rCold   + . .      Faith    .   (no shield)
rNeg    + + +      Spirit   .   b - +0 robe
rPois   ∞          Reflect  .   (no helmet)
rElec   .          Harm     .   (no cloak)
rCorr   .          Rampage  .   (no gloves)
Will    .....                   (no boots)
Stlth   ++........              (no amulet)
HPRegen 0.00/turn               (no ring)
MPRegen 0.07/turn               (no ring)

@: inhibited regen
A: claws 1, cold resistance 1, negative energy resistance 3, inhibited
regeneration, torment resistance 2
a: Renounce Religion, Fiery Armour, Foxfire Swarm, Rising Flame


You were on level 1 of the Dungeon.
You worshipped Ignis.
Ignis was greatly pleased with you.
You visited 1 branch of the dungeon, and saw 1 of its levels.

Inventory:

Hand Weapons
 a - a +0 hand axe (weapon)
Armour
 b - a +0 robe (worn)


   Skills:
 + Level 3.4 Fighting
 + Level 2.8 Axes
 + Level 0.5 Armour
 + Level 2.8 Dodging
 - Level 2.1 Stealth


You had one spell level left.
You didn't know any spells.
Your spell library was empty.

Dungeon Overview and Level Annotations

Branches:
Dungeon (1/15)

Altars:
Ignis


Innate Abilities, Weirdness & Mutations

You thrive by killing the living.
You are immune to poison.
You have sharp fingernails.
Your flesh is cold resistant. (rC+)
You are immune to negative energy. (rN+++)
You do not regenerate when monsters are visible.
You are immune to unholy pain and torment.


Message History

Press: ? - help, Dir - look around, f - activate Flames leap up around you!
The withered plant crumbles away.
Unknown command.
Unknown command.
Unknown command.
Unknown command.
Your foxfire dissipates!
You open the door.
Your foxfire dissipates! x7
There is an open door here.
Your foxfire dissipates! x6
A bat comes into view.
Found 18 stones.
The bat closely misses you.
You completely miss the bat. The bat closely misses you.
The bat closely misses you. The bat barely misses you.
You closely miss the bat. The bat hits you but does no damage.
The bat closely misses you.
You closely miss the bat. The bat barely misses you.
The bat closely misses you.
You hit the bat.
You kill the bat!
You see here 18 stones.
A hobgoblin comes into view.
The hobgoblin shouts!
The hobgoblin barely misses you. The hobgoblin hits you.
The hobgoblin misses you.
The hobgoblin hits you but does no damage.
The hobgoblin hits you.
* * * LOW HITPOINT WARNING * * *
The hobgoblin misses you. The hobgoblin closely misses you.
The hobgoblin hits you.
* * * LOW HITPOINT WARNING * * *
The hobgoblin barely misses you. The hobgoblin closely misses you.
The hobgoblin barely misses you. The hobgoblin hits you.
You die...

# ##....# #.#
#############(#######
...............
#######.#######
#######.#......
...............
#######.#.#####
#######g#...
#......@# ###
...######


You could see a hobgoblin.

Vanquished Creatures
  2 dart slugs (D:1)
  An endoplasm (D:1)
  A giant cockroach (D:1)
  A kobold (D:1)
  A bat (D:1)
  A rat (D:1)
7 creatures vanquished.

Vanquished Creatures (collateral kills)
  20 foxfires (D:1)
20 creatures vanquished.

Vanquished Creatures (others)
  24 foxfires (D:1)
  8 plants (D:1)
  12 withered plants (D:1)
44 creatures vanquished.

Grand Total: 71 creatures vanquished

Notes
Turn   | Place    | Note
-------+----------+-------------------------------------------
     0 | D:1      | HallandMoats the Ghoul Monk began the quest for the Orb.
     0 | D:1      | Reached XP level 1. HP: 19/19 MP: 0/0
   245 | D:1      | Reached XP level 2. HP: 20/26 MP: 1/1
   251 | D:1      | Found a faded altar of an unknown god.
   275 | D:1      | Prayed at the altar of an unknown god.
   275 | D:1      | Became a worshipper of Ignis, the Dying Flame
   275 | D:1      | Reached ****** piety under Ignis
   346 | D:1      | Slain by a hobgoblin

Illustrated notes

Levels and vault maps discovered:
D:1:      dpeg_arrival_pits, layout_basic, shapermc_ecumenical_altar_flowoftime

Action                   || total
-------------------------++-------
Melee: Hand axe          ||    55
Invok: Foxfire Swarm     ||     4
 Stab: Sleeping          ||     1
Armor: Robe              ||     3
Dodge: Dodged            ||    21
